Description

Quick little build order. Want to attack with DT's at around the 4:30 mark with the Warp Prism.

Build Order

Get SALT Encoding   

  13  0:18  Pylon  
  15  0:35  Gateway  
  16  0:48  Assimilator  
  19  1:25  Nexus  
  19  1:40  Cybernetics Core  
  19  1:45  Assimilator  
  21  1:52  Pylon  
  22  2:15  Twilight Council  
  23  2:20  Warp Gate  
  28  2:30  Robotics Facility  
  34  2:57  Dark Shrine  
  38  3:15  Warp Prism (Chrono Boost)  
  40  3:30  Gateway  
  42  3:35  Gateway x2  
  43  3:50  Assimilator x2  
  44  4:00  Pylon  
  46  4:05  Gateway x2, Pylon  
  46  4:10  Gateway  
  46  4:15  Pylon  
Spawning Tool Build Advisor. Get it on Overwolf

Go to:

Details

  • Created by: Liamnovich
  • Published on: Mar 24, 2024
  • Modified on: Mar 24, 2024
  • Patch: 5.0.11
  • Difficulty: Easy
Show
View Real Time Build Order
Export as new Build Order

Comments (0)

There are no comments. Be the first!

Create an account to comment!